[ AOE2 MATCH · #484626517 ]
UnrankedSlavs vs Khmer
[ REPLAY ANALYSIS · EXTRACTED FROM THE RECORDED GAME ]
Feudal
11:54
Castle
16:40
Imperial
31:59
| APM avg | 24.4 |
| APM peak | 99 |
| eAPM avg | 14.9 |
| Villagers / military | 139 / 1259 |
Focus
⚔️ 45.1% · 🌾 54.9%
Spearman ×948 · Boyar ×291 · Trebuchet (Packed) ×19 · Monk ×1
Feudal
10:17
Castle
14:26
Imperial
29:44
| APM avg | 25.9 |
| APM peak | 63 |
| eAPM avg | 14.6 |
| Villagers / military | 151 / 1098 |
Focus
⚔️ 48.2% · 🌾 51.8%
Scout Cavalry ×706 · Mangudai ×219 · Camel Scout ×157 · Trade Cart ×8 · Trebuchet (Packed) ×8 · Monk ×4
Feudal
10:48
Castle
16:13
Imperial
33:20
| APM avg | 29.5 |
| APM peak | 58 |
| eAPM avg | 21.7 |
| Villagers / military | 158 / 1156 |
Focus
⚔️ 38.1% · 🌾 61.9%
Spearman ×528 · Scout Cavalry ×398 · Battle Elephant ×135 · Archer ×66 · Ballista Elephant ×13 · Scorpion ×6
Feudal
12:03
Castle
15:41
Imperial
33:52
| APM avg | 39.4 |
| APM peak | 94 |
| eAPM avg | 24.9 |
| Villagers / military | 219 / 532 |
Focus
⚔️ 19.7% · 🌾 80.3%
Scout Cavalry ×338 · Knight ×123 · Scorpion ×63 · Trade Cart ×30 · Bombard Cannon ×4 · Monk ×2
Feudal
10:20
Castle
18:15
Imperial
40:22
| APM avg | 26.9 |
| APM peak | 62 |
| eAPM avg | 14.8 |
| Villagers / military | 124 / 368 |
Focus
⚔️ 41.7% · 🌾 58.3%
Spearman ×257 · Chu Ko Nu ×106 · Fire Lancer ×3 · Trade Cart ×2 · Monk ×1 · Knight ×1
Feudal
12:19
Castle
16:59
Imperial
37:51
| APM avg | 27.3 |
| APM peak | 50 |
| eAPM avg | 17.0 |
| Villagers / military | 150 / 950 |
Focus
⚔️ 35.6% · 🌾 64.4%
Spearman ×677 · Militia ×185 · Battle Elephant ×50 · Trade Cart ×37 · Mangonel ×27 · Battering Ram ×10
Feudal
11:27
Castle
16:06
Imperial
40:28
| APM avg | 22.3 |
| APM peak | 63 |
| eAPM avg | 17.9 |
| Villagers / military | 191 / 780 |
Focus
⚔️ 34.4% · 🌾 65.6%
Spearman ×542 · Scorpion ×116 · Scout Cavalry ×67 · Trade Cart ×48 · Battering Ram ×32 · Woad Raider ×16
Feudal
11:15
Castle
14:43
Imperial
30:36
| APM avg | 27.6 |
| APM peak | 69 |
| eAPM avg | 16.6 |
| Villagers / military | 241 / 1039 |
Focus
⚔️ 46.9% · 🌾 53.1%
Scout Cavalry ×484 · Skirmisher ×304 · Ballista Elephant ×224 · Trade Cart ×28 · Trebuchet (Packed) ×24 · Monk ×3
Match map
Initial resources + every placement click. Lines = walls · curves = elevation contours. ◆ gold · ⬟ stone · ● berries · ✦ relic · ◌ wall gap
Your base· ✓ Closed at 16:40 · 0t walls · 3 gate(s)
Der Wieland's base· ✓ Closed at 14:26 · 0t walls · 2 gate(s)
K.Engel's base· ✓ Closed at 16:13 · 0t walls · 2 gate(s)
popkovandrey2007's base· ✓ Closed at 15:41 · 0t walls · 2 gate(s)
enginebolt's base· ✓ Closed at 18:15 · 0t walls · 3 gate(s)
Mr.Colt's base· ✓ Closed at 16:59 · 0t walls · 2 gate(s)
prsdntsdghtr's base· ✓ Closed at 16:06 · 0t walls · 2 gate(s)
damian.miramontes's base· ✓ Closed at 14:43 · 0t walls · 3 gate(s)
Smoothed initial terrain · ◌ = detected wall gap · hover for details
Inputs per minute
— essen - - Der Wieland
Build order — essen
First 150 of 612 actions detected
| 0:01 | Create | Villager (Male) |
| 0:01 | Create | Villager (Male) |
| 0:01 | Create | Villager (Male) |
| 0:02 | Build | House |
| 0:04 | Build | House |
| 0:37 | Create | Villager (Male) |
| 1:44 | Create | Villager (Male) |
| 2:07 | Create | Villager (Male) |
| 2:15 | Create | Villager (Male) |
| 2:43 | Create | Villager (Male) |
| 3:01 | Create | Villager (Male) |
| 3:23 | Create | Villager (Male) |
| 3:28 | Build | Lumber Camp |
| 3:42 | Create | Villager (Male) |
| 4:14 | Create | Villager (Male) |
| 4:18 | Build | House |
| 4:19 | Build | House |
| 4:37 | Create | Villager (Male) |
| 5:05 | Create | Villager (Male) |
| 5:16 | Build | Mining Camp |
| 5:44 | Create | Villager (Male) |
| 6:22 | Create | Villager (Male) |
| 6:23 | Create | Villager (Male) |
| 6:26 | Build | Mill |
| 6:48 | Create | Villager (Male) |
| 7:39 | Create | Villager (Male) |
| 8:16 | Create | Villager (Male) |
| 8:16 | Create | Villager (Male) |
| 8:17 | Create | Villager (Male) |
| 9:44 | Research | Feudal Age |
| 9:55 | Build | House |
| 10:16 | Create | Villager (Male) |
| 11:54 | Age | Feudal Age |
| 11:55 | Research | Wheelbarrow |
| 11:56 | Create | Villager (Male) |
| 11:59 | Build | Market |
| 12:03 | Build | Blacksmith |
| 12:29 | Build | Mill |
| 14:00 | Research | Castle Age |
| 14:28 | Build | Farm |
| 14:31 | Research | Horse Collar |
| 14:39 | Create | Villager (Male) |
| 14:39 | Create | Villager (Male) |
| 14:53 | Build | Farm |
| 14:54 | Build | Farm |
| 14:55 | Build | Farm |
| 14:58 | Build | Farm |
| 15:10 | Build | House |
| 15:11 | Build | House |
| 15:16 | Research | Double-Bit Axe |
| 16:40 | Age | Castle Age |
| 16:44 | Build | Town Center |
| 16:47 | Create | Villager (Male) |
| 16:47 | Create | Villager (Male) |
| 16:58 | Build | Town Center |
| 17:06 | Research | Heavy Plow |
| 17:10 | Build | Farm |
| 17:12 | Research | Bow Saw |
| 17:43 | Build | Farm |
| 17:51 | Create | Villager (Male) |
| 17:54 | Create | Villager (Male) |
| 17:58 | Build | Farm |
| 18:23 | Create | Villager (Male) |
| 18:23 | Create | Villager (Male) |
| 18:34 | Build | Monastery |
| 19:01 | Build | Farm |
| 19:17 | Build | Lumber Camp |
| 19:23 | Create | Villager (Male) |
| 19:23 | Create | Villager (Male) |
| 19:24 | Create | Villager (Male) |
| 19:24 | Create | Villager (Male) |
| 19:24 | Create | Villager (Male) |
| 19:30 | Create | Villager (Male) |
| 19:31 | Create | Villager (Male) |
| 19:31 | Create | Villager (Male) |
| 19:33 | Create | Villager (Male) |
| 19:33 | Create | Villager (Male) |
| 19:33 | Create | Villager (Male) |
| 19:38 | Create | Monk |
| 19:42 | Build | House |
| 19:43 | Build | House |
| 19:44 | Build | House |
| 19:51 | Build | Farm |
| 20:26 | Build | Farm |
| 20:27 | Create | Villager (Male) |
| 20:27 | Create | Villager (Male) |
| 21:10 | Create | Villager (Male) |
| 21:12 | Create | Villager (Male) |
| 21:13 | Create | Villager (Male) |
| 21:14 | Create | Villager (Male) |
| 21:15 | Create | Villager (Male) |
| 21:15 | Create | Villager (Male) |
| 21:18 | Build | Farm |
| 21:20 | Build | Farm |
| 21:36 | Build | Farm |
| 21:40 | Build | House |
| 21:41 | Build | House |
| 21:42 | Build | House |
| 21:43 | Build | House |
| 22:12 | Build | Farm |
| 22:15 | Create | Villager (Male) |
| 22:16 | Create | Villager (Male) |
| 22:16 | Create | Villager (Male) |
| 22:16 | Create | Villager (Male) |
| 22:17 | Create | Villager (Male) |
| 22:20 | Build | Farm |
| 22:22 | Create | Villager (Male) |
| 22:22 | Create | Villager (Male) |
| 22:22 | Create | Villager (Male) |
| 22:22 | Create | Villager (Male) |
| 22:23 | Create | Villager (Male) |
| 22:26 | Create | Villager (Male) |
| 22:34 | Build | Mining Camp |
| 23:18 | Create | Villager (Male) |
| 23:19 | Create | Villager (Male) |
| 23:19 | Create | Villager (Male) |
| 23:19 | Create | Villager (Male) |
| 23:20 | Create | Villager (Male) |
| 23:22 | Create | Villager (Male) |
| 23:23 | Create | Villager (Male) |
| 23:26 | Build | Farm |
| 23:27 | Build | Farm |
| 23:32 | Create | Villager (Male) |
| 23:33 | Create | Villager (Male) |
| 23:50 | Build | Farm |
| 23:56 | Build | House |
| 23:57 | Build | House |
| 23:58 | Build | House |
| 23:59 | Build | House |
| 24:03 | Build | University |
| 24:07 | Create | Villager (Male) |
| 24:07 | Create | Villager (Male) |
| 24:10 | Build | Lumber Camp |
| 24:17 | Build | Farm |
| 24:31 | Create | Villager (Male) |
| 24:32 | Create | Villager (Male) |
| 24:33 | Build | Farm |
| 24:37 | Build | Farm |
| 24:51 | Create | Villager (Male) |
| 24:51 | Create | Villager (Male) |
| 25:00 | Build | Farm |
| 25:04 | Build | Farm |
| 25:19 | Create | Villager (Male) |
| 25:20 | Create | Villager (Male) |
| 25:20 | Create | Villager (Male) |
| 25:20 | Create | Villager (Male) |
| 25:26 | Create | Villager (Male) |
| 25:26 | Create | Villager (Male) |
| 25:34 | Build | Farm |
| 25:47 | Build | Farm |
Build order — Der Wieland
First 150 of 731 actions detected
| 0:01 | Create | Villager (Male) |
| 0:01 | Create | Villager (Male) |
| 0:02 | Build | House |
| 0:04 | Build | House |
| 0:20 | Create | Villager (Male) |
| 0:20 | Create | Villager (Male) |
| 1:44 | Create | Villager (Male) |
| 2:02 | Create | Villager (Male) |
| 2:21 | Create | Villager (Male) |
| 2:38 | Build | Lumber Camp |
| 2:49 | Create | Villager (Male) |
| 3:22 | Create | Villager (Male) |
| 3:23 | Create | Villager (Male) |
| 3:36 | Create | Villager (Male) |
| 3:51 | Create | Villager (Male) |
| 4:20 | Build | House |
| 4:25 | Build | House |
| 4:45 | Create | Villager (Male) |
| 4:54 | Build | Mill |
| 4:58 | Create | Villager (Male) |
| 5:01 | Create | Villager (Male) |
| 5:23 | Create | Villager (Male) |
| 5:23 | Create | Villager (Male) |
| 5:29 | Create | Villager (Male) |
| 6:30 | Create | Villager (Male) |
| 6:31 | Create | Villager (Male) |
| 7:47 | Research | Feudal Age |
| 8:15 | Build | Mining Camp |
| 9:13 | Build | Barracks |
| 9:31 | Build | House |
| 10:17 | Age | Feudal Age |
| 10:22 | Build | Stable |
| 10:28 | Create | Villager (Male) |
| 10:29 | Create | Villager (Male) |
| 11:12 | Build | Blacksmith |
| 11:21 | Create | Villager (Male) |
| 11:44 | Research | Castle Age |
| 13:20 | Research | Horse Collar |
| 13:23 | Research | Double-Bit Axe |
| 14:03 | Build | Farm |
| 14:03 | Build | Farm |
| 14:05 | Build | Farm |
| 14:06 | Build | Farm |
| 14:08 | Build | Farm |
| 14:08 | Build | Farm |
| 14:26 | Age | Castle Age |
| 14:31 | Build | Monastery |
| 14:35 | Create | Villager (Male) |
| 14:50 | Build | Town Center |
| 14:52 | Create | Villager (Male) |
| 15:04 | Create | Monk |
| 15:05 | Create | Monk |
| 15:26 | Create | Villager (Male) |
| 15:57 | Create | Villager (Male) |
| 16:03 | Build | Town Center |
| 16:04 | Create | Villager (Male) |
| 16:11 | Create | Monk |
| 16:44 | Create | Villager (Male) |
| 16:50 | Build | Farm |
| 16:51 | Build | Farm |
| 16:55 | Build | Farm |
| 16:56 | Build | Farm |
| 16:57 | Build | Farm |
| 17:01 | Build | Farm |
| 17:05 | Create | Villager (Male) |
| 17:33 | Create | Villager (Male) |
| 17:38 | Build | Farm |
| 17:46 | Build | Farm |
| 17:48 | Build | Farm |
| 17:50 | Create | Villager (Male) |
| 17:55 | Create | Villager (Male) |
| 18:20 | Create | Villager (Male) |
| 18:27 | Build | Farm |
| 18:31 | Create | Villager (Male) |
| 18:32 | Create | Villager (Male) |
| 18:56 | Create | Monk |
| 19:00 | Create | Villager (Male) |
| 19:02 | Create | Villager (Male) |
| 19:05 | Build | Farm |
| 19:07 | Build | Farm |
| 19:09 | Create | Villager (Male) |
| 19:18 | Create | Villager (Male) |
| 19:30 | Create | Villager (Male) |
| 19:33 | Build | Farm |
| 19:45 | Build | Farm |
| 19:52 | Build | Farm |
| 19:52 | Build | Farm |
| 19:58 | Build | Farm |
| 19:59 | Create | Villager (Male) |
| 20:01 | Create | Villager (Male) |
| 20:05 | Build | Farm |
| 20:15 | Create | Villager (Male) |
| 20:29 | Create | Villager (Male) |
| 20:52 | Create | Villager (Male) |
| 20:53 | Create | Villager (Male) |
| 20:58 | Build | House |
| 20:58 | Build | House |
| 20:58 | Build | House |
| 20:59 | Build | House |
| 20:59 | Build | House |
| 21:00 | Build | House |
| 21:00 | Build | House |
| 21:02 | Create | Villager (Male) |
| 21:08 | Research | Wheelbarrow |
| 21:23 | Build | Farm |
| 21:24 | Build | Farm |
| 21:25 | Build | Farm |
| 21:32 | Create | Villager (Male) |
| 21:36 | Build | House |
| 21:37 | Build | House |
| 21:38 | Create | Villager (Male) |
| 21:40 | Create | Villager (Male) |
| 21:46 | Build | Mining Camp |
| 21:47 | Create | Villager (Male) |
| 21:49 | Create | Villager (Male) |
| 21:57 | Build | Farm |
| 22:00 | Build | Mill |
| 22:02 | Create | Villager (Male) |
| 22:08 | Build | Farm |
| 22:09 | Create | Villager (Male) |
| 22:12 | Build | Farm |
| 22:16 | Research | Bow Saw |
| 22:32 | Research | Heavy Plow |
| 22:33 | Create | Villager (Male) |
| 22:49 | Create | Villager (Male) |
| 22:57 | Create | Villager (Male) |
| 23:13 | Create | Knight |
| 23:13 | Create | Knight |
| 23:13 | Create | Knight |
| 23:48 | Create | Villager (Male) |
| 23:54 | Create | Knight |
| 23:55 | Create | Villager (Male) |
| 24:02 | Build | Farm |
| 24:02 | Build | Farm |
| 24:03 | Build | Farm |
| 24:03 | Build | Farm |
| 24:03 | Build | Farm |
| 24:03 | Build | Farm |
| 24:07 | Build | Farm |
| 24:08 | Create | Villager (Male) |
| 25:36 | Create | Villager (Male) |
| 25:38 | Create | Villager (Male) |
| 25:51 | Build | University |
| 25:54 | Create | Villager (Male) |
| 25:55 | Create | Villager (Male) |
| 25:56 | Create | Villager (Male) |
| 26:05 | Create | Villager (Male) |
| 26:10 | Build | Mining Camp |
| 26:19 | Research | Gold Mining |
| 26:22 | Research | Stone Mining |
Build order — K.Engel
First 150 of 801 actions detected
| 0:02 | Create | Villager (Male) ×4 |
| 0:08 | Build | House |
| 0:13 | Build | House |
| 1:31 | Create | Villager (Male) |
| 1:31 | Create | Villager (Male) |
| 2:07 | Create | Villager (Male) |
| 2:07 | Create | Villager (Male) |
| 2:12 | Build | Lumber Camp |
| 2:30 | Create | Villager (Male) |
| 2:30 | Create | Villager (Male) |
| 3:24 | Create | Villager (Male) ×2 |
| 3:24 | Create | Villager (Male) ×2 |
| 3:50 | Build | House |
| 4:28 | Create | Villager (Male) ×3 |
| 4:28 | Create | Villager (Male) ×3 |
| 4:50 | Build | House |
| 4:55 | Create | Villager (Male) |
| 4:55 | Create | Villager (Male) |
| 4:55 | Create | Villager (Male) |
| 5:33 | Create | Villager (Male) ×3 |
| 5:34 | Create | Villager (Male) ×3 |
| 5:48 | Build | Mill |
| 6:55 | Build | Mining Camp |
| 7:01 | Create | Villager (Male) |
| 7:02 | Create | Villager (Male) |
| 7:02 | Create | Villager (Male) |
| 7:03 | Create | Villager (Male) |
| 8:27 | Research | Feudal Age |
| 9:34 | Build | House |
| 9:37 | Build | House |
| 9:38 | Build | House |
| 9:47 | Create | Villager (Male) |
| 9:47 | Create | Villager (Male) |
| 9:48 | Create | Villager (Male) |
| 9:48 | Create | Villager (Male) |
| 9:48 | Create | Villager (Male) |
| 9:48 | Create | Villager (Male) |
| 9:49 | Create | Villager (Male) |
| 10:47 | Create | Villager (Male) |
| 10:48 | Age | Feudal Age |
| 11:12 | Build | Farm |
| 11:16 | Build | Farm |
| 11:17 | Build | Farm |
| 11:17 | Build | Farm |
| 11:17 | Build | Farm |
| 11:17 | Build | Farm |
| 11:18 | Build | Farm |
| 11:18 | Build | Farm |
| 11:18 | Build | Farm |
| 11:19 | Build | Farm |
| 11:19 | Build | Farm |
| 11:19 | Build | Farm |
| 11:56 | Build | Farm |
| 11:58 | Build | Farm |
| 12:36 | Build | Farm |
| 12:37 | Build | Farm |
| 12:37 | Build | Farm |
| 12:37 | Build | Farm |
| 12:37 | Build | Farm |
| 12:38 | Build | Farm |
| 12:38 | Build | Farm |
| 12:38 | Build | Farm |
| 12:39 | Build | Farm |
| 12:40 | Build | Farm |
| 12:40 | Build | Farm |
| 12:40 | Build | Farm |
| 12:40 | Build | Farm |
| 12:41 | Build | Farm |
| 12:41 | Build | Farm |
| 12:41 | Build | Farm |
| 12:42 | Build | Farm |
| 12:42 | Build | Farm |
| 12:42 | Build | Farm |
| 12:42 | Build | Farm |
| 13:33 | Research | Castle Age |
| 16:13 | Age | Castle Age |
| 16:15 | Build | Town Center |
| 16:23 | Build | Town Center |
| 16:27 | Create | Villager (Male) ×5 |
| 17:15 | Create | Villager (Male) |
| 17:16 | Create | Villager (Male) |
| 17:16 | Create | Villager (Male) |
| 17:16 | Create | Villager (Male) |
| 17:16 | Create | Villager (Male) |
| 17:43 | Create | Villager (Male) ×5 |
| 17:43 | Create | Villager (Male) ×5 |
| 17:43 | Create | Villager (Male) ×5 |
| 17:44 | Create | Villager (Male) ×3 |
| 18:03 | Build | Barracks |
| 18:55 | Create | Spearman |
| 19:05 | Research | Loom |
| 19:06 | Create | Villager (Male) |
| 19:06 | Create | Villager (Male) |
| 19:39 | Build | Stable |
| 19:44 | Build | Stable |
| 19:44 | Build | Stable |
| 19:51 | Create | Villager (Male) |
| 19:51 | Create | Villager (Male) |
| 19:52 | Create | Villager (Male) |
| 19:52 | Create | Villager (Male) |
| 20:49 | Create | Battle Elephant ×4 |
| 20:49 | Create | Battle Elephant ×4 |
| 21:11 | Build | House |
| 21:11 | Build | House |
| 21:11 | Build | House |
| 21:12 | Build | House |
| 21:12 | Build | House |
| 21:12 | Build | House |
| 21:12 | Build | House |
| 21:13 | Build | House |
| 21:13 | Build | House |
| 21:13 | Build | House |
| 21:13 | Build | House |
| 21:29 | Research | Bloodlines |
| 21:30 | Research | Husbandry |
| 21:31 | Research | Husbandry |
| 21:31 | Research | Husbandry |
| 21:49 | Build | Farm |
| 21:49 | Build | Farm |
| 21:49 | Build | Farm |
| 21:49 | Build | Farm |
| 21:50 | Build | Farm |
| 21:50 | Build | Farm |
| 21:50 | Build | Farm |
| 21:51 | Build | Farm |
| 21:51 | Build | Farm |
| 21:51 | Build | Farm |
| 21:51 | Build | Farm |
| 21:52 | Build | Farm |
| 21:52 | Build | Farm |
| 21:52 | Build | Farm |
| 21:52 | Build | Farm |
| 23:00 | Create | Villager (Male) ×5 |
| 23:00 | Create | Villager (Male) ×5 |
| 23:00 | Create | Villager (Male) ×3 |
| 23:11 | Research | Double-Bit Axe |
| 23:11 | Research | Double-Bit Axe |
| 23:19 | Research | Horse Collar |
| 24:04 | Build | Farm |
| 24:04 | Build | Farm |
| 24:05 | Build | Farm |
| 24:05 | Build | Farm |
| 24:05 | Build | Farm |
| 24:06 | Build | Farm |
| 24:06 | Build | Farm |
| 24:20 | Build | Blacksmith |
| 24:28 | Create | Villager (Male) ×5 |
| 24:28 | Create | Villager (Male) ×5 |
| 24:29 | Create | Villager (Male) ×5 |
| 24:34 | Create | Knight |
Build order — popkovandrey2007
First 150 of 689 actions detected
| 0:02 | Create | Villager (Male) |
| 0:02 | Create | Villager (Male) |
| 0:04 | Build | House |
| 0:05 | Build | House |
| 0:34 | Create | Villager (Male) |
| 0:35 | Create | Villager (Male) |
| 1:35 | Create | Villager (Male) |
| 1:35 | Create | Villager (Male) |
| 1:53 | Build | Lumber Camp |
| 2:05 | Create | Villager (Male) |
| 2:05 | Create | Villager (Male) |
| 2:17 | Create | Villager (Male) |
| 2:17 | Create | Villager (Male) |
| 2:18 | Create | Villager (Male) |
| 2:54 | Create | Villager (Male) |
| 2:54 | Create | Villager (Male) |
| 3:23 | Create | Villager (Male) |
| 3:23 | Create | Villager (Male) |
| 3:23 | Create | Villager (Male) |
| 4:03 | Create | Villager (Male) |
| 4:17 | Create | Villager (Male) |
| 4:18 | Create | Villager (Male) |
| 4:29 | Build | House |
| 4:58 | Build | Mill |
| 5:14 | Create | Villager (Male) |
| 5:15 | Create | Villager (Male) |
| 5:30 | Create | Villager (Male) |
| 5:42 | Create | Villager (Male) |
| 6:09 | Build | House |
| 6:23 | Create | Villager (Male) |
| 6:42 | Create | Villager (Male) |
| 7:21 | Create | Villager (Male) |
| 7:46 | Create | Villager (Male) |
| 7:46 | Create | Villager (Male) |
| 8:18 | Build | House |
| 8:28 | Create | Villager (Male) |
| 8:54 | Create | Villager (Male) |
| 8:54 | Research | Feudal Age |
| 9:16 | Build | Mining Camp |
| 10:19 | Create | Villager (Male) |
| 10:19 | Create | Villager (Male) |
| 11:40 | Build | Farm |
| 11:41 | Build | Farm |
| 11:41 | Build | Farm |
| 12:00 | Build | Farm |
| 12:01 | Build | Farm |
| 12:01 | Build | Farm |
| 12:02 | Build | Farm |
| 12:03 | Age | Feudal Age |
| 12:10 | Build | Market |
| 12:17 | Build | Blacksmith |
| 12:37 | Build | Farm |
| 12:37 | Build | Farm |
| 12:37 | Build | Farm |
| 12:37 | Build | Farm |
| 12:38 | Build | Farm |
| 13:01 | Research | Castle Age |
| 13:01 | Research | Castle Age |
| 14:40 | Research | Double-Bit Axe |
| 14:52 | Build | Barracks |
| 15:01 | Build | Farm |
| 15:01 | Build | Farm |
| 15:38 | Build | Stable |
| 15:41 | Age | Castle Age |
| 15:42 | Research | Bow Saw |
| 15:42 | Research | Bow Saw |
| 15:45 | Create | Villager (Male) |
| 15:46 | Create | Villager (Male) |
| 15:50 | Research | Wheelbarrow |
| 16:29 | Build | Monastery |
| 16:32 | Create | Knight |
| 16:32 | Create | Knight |
| 16:36 | Create | Villager (Male) |
| 16:36 | Create | Villager (Male) |
| 16:47 | Build | House |
| 16:51 | Build | House |
| 17:17 | Create | Knight |
| 17:25 | Build | Farm |
| 17:25 | Build | Farm |
| 17:26 | Build | Farm |
| 17:26 | Build | Farm |
| 17:33 | Create | Monk |
| 17:33 | Create | Monk |
| 17:47 | Create | Villager (Male) |
| 17:48 | Create | Villager (Male) |
| 18:42 | Create | Knight |
| 18:43 | Create | Knight |
| 18:49 | Build | Siege Workshop |
| 19:01 | Build | Gate |
| 19:08 | Build | Farm |
| 19:08 | Build | Farm |
| 19:13 | Create | Villager (Male) |
| 19:13 | Create | Villager (Male) |
| 19:35 | Build | House |
| 19:38 | Create | Mangonel |
| 19:38 | Create | Mangonel |
| 19:51 | Build | House |
| 19:52 | Build | House |
| 20:07 | Create | Villager (Male) |
| 20:07 | Create | Villager (Male) |
| 20:08 | Create | Villager (Male) |
| 20:08 | Create | Villager (Male) |
| 20:20 | Create | Knight |
| 21:19 | Build | House |
| 21:35 | Build | Siege Workshop |
| 21:43 | Create | Knight |
| 21:43 | Create | Knight |
| 21:52 | Build | Town Center |
| 22:00 | Create | Knight |
| 22:00 | Create | Knight |
| 22:47 | Build | Gate |
| 23:19 | Create | Villager (Male) |
| 23:20 | Create | Villager (Male) |
| 23:20 | Create | Villager (Male) |
| 23:20 | Create | Villager (Male) |
| 23:21 | Create | Villager (Male) |
| 23:45 | Build | Town Center |
| 23:50 | Create | Villager (Male) |
| 23:50 | Create | Villager (Male) |
| 23:50 | Create | Villager (Male) |
| 23:51 | Create | Villager (Male) |
| 23:51 | Create | Villager (Male) |
| 24:15 | Create | Villager (Male) |
| 24:15 | Create | Villager (Male) |
| 24:16 | Create | Villager (Male) |
| 24:21 | Build | House |
| 24:35 | Build | Farm |
| 24:35 | Build | Farm |
| 24:35 | Build | Farm |
| 24:36 | Build | Farm |
| 24:36 | Build | Farm |
| 24:36 | Build | Farm |
| 25:02 | Create | Villager (Male) |
| 25:02 | Create | Villager (Male) |
| 25:13 | Create | Villager (Male) |
| 25:13 | Create | Villager (Male) |
| 25:14 | Create | Villager (Male) |
| 25:14 | Create | Villager (Male) |
| 25:27 | Build | Farm |
| 25:28 | Build | Farm |
| 25:28 | Build | Farm |
| 25:28 | Build | Farm |
| 25:29 | Build | Farm |
| 25:29 | Build | Farm |
| 25:29 | Build | Farm |
| 26:00 | Create | Villager (Male) |
| 26:01 | Create | Villager (Male) |
| 26:02 | Create | Villager (Male) |
| 26:02 | Create | Villager (Male) |
| 26:07 | Create | Villager (Male) |
Build order — enginebolt
First 150 of 625 actions detected
| 0:21 | Build | House |
| 0:48 | Research | Loom |
| 1:15 | Create | Villager (Male) |
| 1:44 | Create | Villager (Male) |
| 2:16 | Create | Villager (Male) |
| 2:33 | Create | Villager (Male) |
| 2:49 | Build | Lumber Camp |
| 3:04 | Create | Villager (Male) |
| 3:27 | Create | Villager (Male) |
| 3:42 | Create | Villager (Male) |
| 4:05 | Create | Villager (Male) |
| 4:24 | Create | Villager (Male) |
| 4:40 | Create | Villager (Male) |
| 4:51 | Build | Mill |
| 5:34 | Create | Villager (Male) |
| 5:36 | Create | Villager (Male) |
| 6:14 | Create | Villager (Male) |
| 6:51 | Create | Villager (Male) |
| 6:58 | Build | House |
| 7:42 | Build | Barracks |
| 7:55 | Create | Villager (Male) |
| 8:10 | Research | Feudal Age |
| 8:47 | Build | Mill |
| 9:44 | Build | Mining Camp |
| 10:20 | Age | Feudal Age |
| 10:25 | Research | Double-Bit Axe |
| 10:28 | Create | Spearman |
| 10:45 | Research | Wheelbarrow |
| 10:49 | Research | Double-Bit Axe |
| 11:16 | Create | Spearman |
| 11:48 | Create | Villager (Male) |
| 11:48 | Create | Villager (Male) |
| 12:25 | Build | Market |
| 12:41 | Create | Villager (Male) |
| 13:14 | Build | Mill |
| 13:22 | Create | Villager (Male) |
| 13:23 | Create | Villager (Male) |
| 14:05 | Build | Blacksmith |
| 14:12 | Create | Villager (Male) |
| 14:19 | Build | Farm |
| 14:48 | Build | Farm |
| 14:50 | Create | Villager (Male) |
| 15:35 | Research | Castle Age |
| 15:38 | Build | Farm |
| 15:52 | Build | Mining Camp |
| 16:22 | Research | Horse Collar |
| 16:52 | Build | Archery Range |
| 17:23 | Research | Stone Mining |
| 17:34 | Create | Villager (Male) |
| 17:34 | Create | Villager (Male) |
| 17:35 | Create | Villager (Male) |
| 18:15 | Age | Castle Age |
| 18:35 | Create | Villager (Male) |
| 18:36 | Create | Villager (Male) |
| 18:37 | Create | Villager (Male) |
| 18:54 | Build | Castle |
| 19:08 | Create | Fire Lancer |
| 19:18 | Create | Villager (Male) |
| 19:18 | Create | Villager (Male) |
| 19:38 | Create | Fire Lancer |
| 19:43 | Create | Fire Lancer |
| 19:49 | Create | Villager (Male) |
| 20:08 | Build | House |
| 20:10 | Build | House |
| 20:11 | Build | House |
| 20:12 | Build | House |
| 21:00 | Build | Lumber Camp |
| 21:15 | Research | Fletching |
| 21:26 | Create | Chu Ko Nu |
| 21:45 | Create | Chu Ko Nu |
| 21:46 | Create | Chu Ko Nu |
| 22:05 | Research | Bow Saw |
| 22:17 | Research | Gold Mining |
| 23:32 | Build | Castle |
| 23:41 | Create | Villager (Male) |
| 23:42 | Create | Villager (Male) |
| 23:42 | Create | Villager (Male) |
| 24:06 | Build | Stable |
| 24:47 | Create | Knight |
| 25:37 | Build | Gate |
| 25:38 | Create | Villager (Male) |
| 26:16 | Research | Great Wall |
| 26:29 | Create | Chu Ko Nu |
| 26:30 | Create | Chu Ko Nu |
| 26:30 | Create | Chu Ko Nu |
| 26:30 | Create | Chu Ko Nu |
| 26:30 | Create | Chu Ko Nu |
| 27:00 | Build | Farm |
| 27:01 | Build | Farm |
| 27:02 | Build | Farm |
| 27:14 | Build | Town Center |
| 27:24 | Create | Villager (Male) |
| 28:10 | Create | Chu Ko Nu |
| 28:10 | Create | Chu Ko Nu |
| 28:21 | Create | Villager (Male) |
| 28:22 | Create | Villager (Male) |
| 28:36 | Build | Farm |
| 28:39 | Build | Farm |
| 28:43 | Build | Farm |
| 28:45 | Create | Villager (Male) |
| 29:10 | Build | Farm |
| 29:17 | Build | Farm |
| 29:19 | Create | Villager (Male) |
| 30:08 | Research | Thumb Ring |
| 30:13 | Create | Chu Ko Nu |
| 30:14 | Create | Chu Ko Nu |
| 30:29 | Build | Farm |
| 30:54 | Create | Chu Ko Nu |
| 30:54 | Create | Chu Ko Nu |
| 30:54 | Create | Chu Ko Nu |
| 31:06 | Create | Villager (Male) |
| 31:07 | Create | Villager (Male) |
| 31:07 | Create | Villager (Male) |
| 31:07 | Create | Villager (Male) |
| 31:08 | Create | Villager (Male) |
| 31:31 | Create | Chu Ko Nu |
| 31:31 | Create | Chu Ko Nu |
| 31:31 | Create | Chu Ko Nu |
| 31:38 | Create | Villager (Male) |
| 31:38 | Create | Villager (Male) |
| 31:43 | Create | Villager (Male) |
| 31:44 | Create | Villager (Male) |
| 31:49 | Create | Chu Ko Nu |
| 31:49 | Create | Chu Ko Nu |
| 31:50 | Create | Chu Ko Nu |
| 32:10 | Build | Farm |
| 32:57 | Create | Chu Ko Nu |
| 32:57 | Create | Chu Ko Nu |
| 32:57 | Create | Chu Ko Nu |
| 33:17 | Research | Bodkin Arrow |
| 33:23 | Create | Chu Ko Nu |
| 33:23 | Create | Chu Ko Nu |
| 33:24 | Create | Chu Ko Nu |
| 33:33 | Build | Farm |
| 33:33 | Create | Villager (Male) |
| 33:33 | Create | Villager (Male) |
| 33:40 | Create | Villager (Male) |
| 33:40 | Create | Villager (Male) |
| 33:41 | Create | Villager (Male) |
| 33:58 | Create | Chu Ko Nu |
| 33:58 | Create | Chu Ko Nu |
| 34:23 | Build | Farm |
| 34:32 | Build | Mining Camp |
| 34:36 | Create | Chu Ko Nu |
| 34:36 | Create | Chu Ko Nu |
| 34:36 | Create | Chu Ko Nu |
| 34:48 | Create | Chu Ko Nu |
| 34:49 | Create | Chu Ko Nu |
| 34:49 | Create | Chu Ko Nu |
| 35:33 | Build | Town Center |
Build order — Mr.Colt
First 150 of 640 actions detected
| 0:03 | Build | House |
| 0:04 | Create | Villager (Male) |
| 0:05 | Create | Villager (Male) |
| 0:05 | Create | Villager (Male) |
| 0:06 | Build | House |
| 0:33 | Create | Villager (Male) |
| 0:34 | Create | Villager (Male) |
| 1:30 | Create | Villager (Male) |
| 2:06 | Create | Villager (Male) |
| 2:36 | Create | Villager (Male) |
| 2:49 | Create | Villager (Male) |
| 2:50 | Create | Villager (Male) |
| 3:04 | Create | Villager (Male) |
| 3:05 | Create | Villager (Male) |
| 3:37 | Build | House |
| 3:38 | Build | House |
| 3:39 | Build | House |
| 3:42 | Create | Villager (Male) |
| 3:43 | Create | Villager (Male) |
| 3:55 | Create | Villager (Male) |
| 3:55 | Create | Villager (Male) |
| 4:23 | Create | Villager (Male) |
| 4:33 | Create | Villager (Male) |
| 5:00 | Build | House |
| 5:20 | Create | Villager (Male) |
| 5:53 | Build | Mill |
| 6:08 | Create | Villager (Male) |
| 6:08 | Create | Villager (Male) |
| 6:09 | Create | Villager (Male) |
| 6:09 | Create | Villager (Male) |
| 6:24 | Create | Villager (Male) |
| 6:25 | Create | Villager (Male) |
| 7:44 | Build | Lumber Camp |
| 7:49 | Create | Villager (Male) |
| 8:17 | Create | Villager (Male) |
| 8:18 | Create | Villager (Male) |
| 8:44 | Create | Villager (Male) |
| 9:11 | Create | Villager (Male) |
| 10:09 | Research | Feudal Age |
| 10:47 | Build | Farm |
| 10:54 | Build | Farm |
| 10:55 | Build | Farm |
| 10:56 | Build | Farm |
| 11:00 | Build | Farm |
| 11:04 | Build | Farm |
| 11:07 | Build | Farm |
| 11:15 | Build | Farm |
| 11:41 | Build | Barracks |
| 11:44 | Create | Villager (Male) |
| 11:46 | Create | Villager (Male) |
| 11:50 | Build | Farm |
| 12:19 | Age | Feudal Age |
| 12:26 | Build | Market |
| 12:31 | Create | Villager (Male) |
| 13:26 | Create | Villager (Male) |
| 13:35 | Build | Blacksmith |
| 14:19 | Research | Castle Age |
| 14:19 | Research | Castle Age |
| 14:39 | Build | Lumber Camp |
| 14:46 | Create | Militia |
| 14:46 | Create | Militia |
| 14:48 | Create | Militia |
| 14:51 | Research | Scale Mail Armor |
| 15:27 | Create | Villager (Male) |
| 15:37 | Build | Farm |
| 15:38 | Research | Horse Collar |
| 15:48 | Create | Villager (Male) |
| 16:17 | Create | Spearman |
| 16:25 | Build | Farm |
| 16:25 | Build | Farm |
| 16:27 | Build | Farm |
| 16:45 | Create | Militia |
| 16:49 | Research | Man-at-Arms (upgrade) |
| 16:59 | Age | Castle Age |
| 17:03 | Build | Siege Workshop |
| 17:07 | Build | House |
| 17:08 | Build | House |
| 17:09 | Build | House |
| 17:14 | Create | Militia |
| 17:53 | Create | Battering Ram |
| 17:56 | Create | Militia |
| 18:04 | Build | Farm |
| 18:07 | Create | Militia |
| 18:11 | Research | Forging |
| 18:22 | Build | Farm |
| 18:24 | Create | Villager (Male) |
| 18:30 | Create | Militia |
| 18:51 | Create | Battering Ram |
| 18:53 | Create | Villager (Male) |
| 18:55 | Build | Farm |
| 18:58 | Create | Villager (Male) |
| 19:05 | Create | Spearman |
| 19:14 | Create | Battering Ram |
| 19:21 | Create | Militia |
| 19:26 | Create | Villager (Male) |
| 19:37 | Create | Spearman |
| 19:49 | Create | Battering Ram |
| 19:54 | Build | House |
| 19:55 | Build | House |
| 19:57 | Build | House |
| 19:58 | Build | House |
| 20:28 | Create | Villager (Male) |
| 20:28 | Create | Villager (Male) |
| 20:38 | Create | Militia |
| 20:39 | Create | Militia |
| 20:53 | Create | Battering Ram |
| 20:57 | Create | Militia |
| 21:08 | Create | Villager (Male) |
| 21:17 | Create | Militia |
| 21:22 | Create | Militia |
| 21:26 | Build | Farm |
| 21:31 | Create | Villager (Male) |
| 21:32 | Build | House |
| 21:33 | Build | House |
| 21:35 | Build | House |
| 21:35 | Build | House |
| 22:13 | Create | Villager (Male) |
| 22:13 | Create | Villager (Male) |
| 22:21 | Build | Town Center |
| 23:38 | Create | Villager (Male) |
| 23:38 | Create | Villager (Male) |
| 23:45 | Build | Farm |
| 23:46 | Build | Farm |
| 23:47 | Create | Villager (Male) |
| 23:47 | Create | Villager (Male) |
| 23:52 | Create | Villager (Male) |
| 24:09 | Research | Long Swordsman (upgrade) |
| 24:21 | Create | Battering Ram |
| 24:28 | Create | Villager (Male) |
| 24:29 | Create | Villager (Male) |
| 24:30 | Create | Villager (Male) |
| 25:28 | Create | Villager (Male) |
| 25:28 | Create | Villager (Male) |
| 25:29 | Create | Villager (Male) |
| 25:29 | Create | Villager (Male) |
| 25:31 | Create | Villager (Male) |
| 25:40 | Build | Town Center |
| 25:41 | Create | Villager (Male) |
| 25:45 | Create | Battering Ram |
| 25:50 | Create | Militia |
| 25:50 | Create | Militia |
| 25:50 | Create | Militia |
| 25:53 | Create | Villager (Male) |
| 25:55 | Create | Villager (Male) |
| 25:57 | Create | Villager (Male) |
| 26:24 | Build | Town Center |
| 26:26 | Create | Villager (Male) |
| 26:26 | Create | Villager (Male) |
| 26:41 | Build | Farm |
| 26:42 | Build | Farm |
Build order — prsdntsdghtr
First 150 of 829 actions detected
| 0:00 | Create | Villager (Male) |
| 0:00 | Create | Villager (Male) |
| 0:01 | Create | Villager (Male) |
| 0:02 | Build | House |
| 0:04 | Build | House |
| 0:13 | Create | Villager (Male) |
| 0:13 | Create | Villager (Male) |
| 1:23 | Create | Villager (Male) |
| 1:59 | Create | Villager (Male) |
| 1:59 | Create | Villager (Male) |
| 2:14 | Create | Villager (Male) |
| 2:14 | Create | Villager (Male) |
| 2:47 | Create | Villager (Male) |
| 2:47 | Create | Villager (Male) |
| 2:57 | Build | Lumber Camp |
| 3:02 | Build | House |
| 3:03 | Build | House |
| 3:04 | Create | Villager (Male) |
| 3:33 | Create | Villager (Male) |
| 3:33 | Create | Villager (Male) |
| 3:47 | Create | Villager (Male) |
| 4:30 | Build | Mill |
| 4:42 | Create | Villager (Male) |
| 4:43 | Create | Villager (Male) |
| 4:43 | Create | Villager (Male) |
| 5:13 | Create | Villager (Male) |
| 6:07 | Build | House |
| 6:08 | Build | House |
| 6:09 | Create | Villager (Male) |
| 6:09 | Create | Villager (Male) |
| 6:17 | Create | Villager (Male) |
| 6:30 | Create | Villager (Male) |
| 6:31 | Create | Villager (Male) |
| 7:32 | Create | Villager (Male) |
| 7:33 | Create | Villager (Male) |
| 8:04 | Create | Villager (Male) |
| 8:08 | Build | Mining Camp |
| 8:14 | Build | Farm |
| 8:14 | Build | Farm |
| 8:15 | Build | Farm |
| 8:29 | Build | Farm |
| 8:34 | Build | Farm |
| 8:38 | Create | Villager (Male) |
| 8:45 | Build | Farm |
| 8:53 | Build | Farm |
| 9:14 | Research | Feudal Age |
| 9:15 | Research | Loom |
| 10:59 | Build | Mining Camp |
| 11:27 | Age | Feudal Age |
| 11:33 | Build | Blacksmith |
| 11:38 | Build | Market |
| 11:48 | Create | Villager (Male) |
| 12:02 | Build | Farm |
| 12:16 | Create | Villager (Male) |
| 12:39 | Build | Farm |
| 12:43 | Create | Villager (Male) |
| 12:52 | Build | Farm |
| 13:26 | Research | Castle Age |
| 13:57 | Build | House |
| 13:58 | Build | House |
| 13:59 | Create | Villager (Male) |
| 14:35 | Build | Barracks |
| 15:29 | Create | Spearman |
| 15:38 | Research | Forging |
| 15:45 | Create | Spearman |
| 15:50 | Create | Villager (Male) |
| 16:06 | Age | Castle Age |
| 16:30 | Create | Villager (Male) |
| 16:39 | Create | Villager (Male) |
| 16:48 | Create | Spearman |
| 17:04 | Build | Castle |
| 17:17 | Create | Villager (Male) |
| 17:28 | Build | Farm |
| 17:29 | Build | Farm |
| 17:40 | Build | Siege Workshop |
| 18:01 | Research | Arson |
| 18:30 | Create | Battering Ram |
| 18:44 | Create | Spearman ×5 |
| 19:15 | Create | Woad Raider |
| 19:15 | Create | Woad Raider |
| 19:15 | Create | Woad Raider |
| 19:16 | Create | Woad Raider |
| 19:16 | Create | Woad Raider |
| 19:36 | Create | Woad Raider |
| 19:36 | Create | Woad Raider |
| 19:42 | Create | Mangonel |
| 19:58 | Create | Villager (Male) |
| 20:21 | Create | Woad Raider |
| 20:21 | Create | Woad Raider |
| 21:37 | Create | Battering Ram |
| 21:37 | Create | Battering Ram |
| 21:39 | Create | Villager (Male) |
| 21:39 | Create | Villager (Male) |
| 21:39 | Create | Villager (Male) |
| 21:49 | Build | Watch Tower |
| 21:49 | Create | Villager (Male) |
| 21:49 | Create | Villager (Male) |
| 22:04 | Create | Spearman |
| 22:05 | Create | Spearman |
| 22:42 | Create | Woad Raider |
| 22:42 | Create | Woad Raider |
| 23:04 | Build | Farm |
| 23:04 | Build | Farm |
| 23:04 | Build | Farm |
| 23:04 | Build | Farm |
| 23:05 | Build | Farm |
| 23:05 | Build | Farm |
| 23:28 | Build | Farm |
| 23:29 | Build | Farm |
| 23:29 | Build | Farm |
| 23:29 | Build | Farm |
| 23:42 | Create | Spearman |
| 23:42 | Create | Spearman |
| 23:54 | Create | Villager (Male) |
| 24:01 | Create | Villager (Male) |
| 24:01 | Create | Villager (Male) |
| 24:08 | Build | Town Center |
| 24:17 | Create | Villager (Male) |
| 24:26 | Create | Villager (Male) |
| 24:41 | Create | Villager (Male) |
| 24:41 | Create | Villager (Male) |
| 25:15 | Build | Town Center |
| 25:18 | Create | Villager (Male) |
| 25:18 | Create | Villager (Male) |
| 25:18 | Create | Villager (Male) |
| 25:31 | Create | Villager (Male) |
| 25:32 | Create | Villager (Male) |
| 25:40 | Create | Villager (Male) |
| 25:40 | Create | Villager (Male) |
| 25:50 | Create | Spearman |
| 25:50 | Create | Spearman |
| 25:52 | Research | Pikeman (upgrade) |
| 25:57 | Create | Villager (Male) |
| 26:01 | Create | Spearman |
| 26:01 | Create | Spearman |
| 26:17 | Research | Horse Collar |
| 26:17 | Research | Horse Collar |
| 26:53 | Create | Villager (Male) |
| 27:02 | Research | Double-Bit Axe |
| 27:02 | Research | Double-Bit Axe |
| 27:02 | Research | Double-Bit Axe |
| 27:49 | Create | Villager (Male) |
| 27:49 | Create | Villager (Male) |
| 27:56 | Build | Farm |
| 27:56 | Build | Farm |
| 27:57 | Build | Farm |
| 27:57 | Build | Farm |
| 27:57 | Build | Farm |
| 27:57 | Build | Farm |
| 28:01 | Build | Farm |
Build order — damian.miramontes
First 150 of 629 actions detected
| 0:02 | Create | Villager (Male) |
| 0:02 | Create | Villager (Male) |
| 0:02 | Create | Villager (Male) |
| 0:03 | Build | House |
| 0:06 | Build | House |
| 0:12 | Create | Villager (Male) |
| 0:13 | Create | Villager (Male) |
| 1:32 | Create | Villager (Male) |
| 1:33 | Create | Villager (Male) |
| 2:08 | Create | Villager (Male) |
| 2:08 | Create | Villager (Male) |
| 2:11 | Build | Lumber Camp |
| 2:12 | Create | Villager (Male) |
| 3:05 | Create | Villager (Male) |
| 3:06 | Create | Villager (Male) |
| 3:07 | Create | Villager (Male) |
| 3:07 | Create | Villager (Male) |
| 3:26 | Create | Villager (Male) |
| 3:26 | Create | Villager (Male) |
| 3:38 | Build | House |
| 3:39 | Build | House |
| 4:30 | Create | Villager (Male) |
| 4:30 | Create | Villager (Male) |
| 4:31 | Create | Villager (Male) |
| 4:47 | Create | Villager (Male) |
| 4:47 | Create | Villager (Male) |
| 5:26 | Create | Villager (Male) |
| 5:26 | Create | Villager (Male) |
| 5:50 | Create | Villager (Male) |
| 5:51 | Create | Villager (Male) |
| 6:13 | Create | Villager (Male) |
| 6:16 | Build | Mill |
| 6:58 | Create | Villager (Male) |
| 6:59 | Create | Villager (Male) |
| 6:59 | Create | Villager (Male) |
| 6:59 | Create | Villager (Male) |
| 7:03 | Create | Villager (Male) |
| 7:43 | Create | Villager (Male) |
| 7:43 | Create | Villager (Male) |
| 8:19 | Build | Mining Camp |
| 8:44 | Research | Feudal Age |
| 10:58 | Research | Loom |
| 11:15 | Age | Feudal Age |
| 11:35 | Build | Mining Camp |
| 11:47 | Build | Mill |
| 11:50 | Build | House |
| 11:52 | Build | House |
| 11:55 | Build | House |
| 11:58 | Build | House |
| 12:03 | Research | Castle Age |
| 13:13 | Research | Double-Bit Axe |
| 13:42 | Research | Horse Collar |
| 14:43 | Age | Castle Age |
| 14:46 | Create | Villager (Male) |
| 14:46 | Create | Villager (Male) |
| 14:49 | Create | Villager (Male) |
| 14:56 | Build | Town Center |
| 15:00 | Build | Town Center |
| 15:08 | Create | Villager (Male) |
| 15:08 | Create | Villager (Male) |
| 15:38 | Create | Villager (Male) ×2 |
| 15:52 | Build | Monastery |
| 16:01 | Build | Farm |
| 16:02 | Build | Farm |
| 16:02 | Build | Farm |
| 16:02 | Build | Farm |
| 16:02 | Build | Farm |
| 16:03 | Build | Farm |
| 16:14 | Create | Villager (Male) |
| 16:15 | Create | Villager (Male) |
| 16:20 | Create | Villager (Male) |
| 16:20 | Create | Villager (Male) |
| 16:43 | Create | Villager (Male) |
| 16:43 | Create | Villager (Male) |
| 16:46 | Build | Farm |
| 16:53 | Create | Monk |
| 17:05 | Create | Villager (Male) |
| 17:05 | Create | Villager (Male) |
| 17:39 | Create | Villager (Male) |
| 17:39 | Create | Villager (Male) |
| 17:44 | Build | Farm |
| 17:47 | Build | Farm |
| 17:49 | Build | Farm |
| 17:51 | Build | Farm |
| 17:53 | Create | Villager (Male) |
| 18:09 | Create | Monk |
| 18:33 | Create | Villager (Male) ×3 |
| 18:34 | Create | Villager (Male) ×3 |
| 18:44 | Build | Farm |
| 18:44 | Build | Farm |
| 18:44 | Build | Farm |
| 18:45 | Build | Farm |
| 18:45 | Build | Farm |
| 18:47 | Build | Farm |
| 18:48 | Build | Farm |
| 18:52 | Create | Villager (Male) |
| 18:52 | Create | Villager (Male) ×2 |
| 18:52 | Create | Villager (Male) |
| 19:11 | Create | Monk |
| 19:34 | Create | Villager (Male) ×4 |
| 19:35 | Create | Villager (Male) ×4 |
| 19:59 | Build | Town Center |
| 20:01 | Create | Villager (Male) ×3 |
| 20:01 | Create | Villager (Male) ×3 |
| 20:08 | Build | Farm |
| 20:09 | Build | Farm |
| 20:09 | Build | Farm |
| 20:09 | Build | Farm |
| 20:09 | Build | Farm |
| 20:10 | Build | Farm |
| 20:23 | Create | Villager (Male) ×4 |
| 20:23 | Create | Villager (Male) ×4 |
| 20:32 | Research | Fervor |
| 20:34 | Create | Villager (Male) |
| 20:34 | Create | Villager (Male) |
| 20:51 | Research | Heavy Plow |
| 20:51 | Research | Heavy Plow |
| 20:56 | Build | House |
| 20:57 | Build | House |
| 21:08 | Research | Wheelbarrow |
| 21:10 | Research | Town Watch |
| 21:34 | Build | Mill |
| 21:43 | Build | House |
| 21:45 | Build | House |
| 21:47 | Build | House |
| 21:48 | Build | House |
| 21:49 | Build | House |
| 21:51 | Build | House |
| 22:23 | Create | Villager (Male) ×5 |
| 22:23 | Create | Villager (Male) ×5 |
| 22:24 | Create | Villager (Male) ×4 |
| 22:28 | Build | Farm |
| 22:28 | Build | Farm |
| 22:28 | Build | Farm |
| 22:29 | Build | Farm |
| 22:29 | Build | Farm |
| 22:29 | Build | Farm |
| 22:29 | Build | Farm |
| 22:30 | Build | Farm |
| 22:54 | Create | Villager (Male) ×4 |
| 22:54 | Create | Villager (Male) ×4 |
| 23:00 | Build | Farm |
| 23:00 | Build | Farm |
| 23:00 | Build | Farm |
| 23:00 | Build | Farm |
| 23:09 | Create | Villager (Male) ×3 |
| 23:10 | Create | Villager (Male) ×3 |
| 23:42 | Create | Villager (Male) ×5 |
| 23:43 | Create | Villager (Male) ×5 |
| 23:43 | Create | Villager (Male) |
Match timeline
| 7:42 | enginebolt · first_building Barracks |
| 9:13 | Der Wieland · first_building Barracks |
| 10:17 | Der Wieland · age_up feudal |
| 10:20 | enginebolt · age_up feudal |
| 10:22 | Der Wieland · first_building Stable |
| 10:48 | K.Engel · age_up feudal |
| 11:15 | damian.miramontes · age_up feudal |
| 11:27 | prsdntsdghtr · age_up feudal |
| 11:41 | Mr.Colt · first_building Barracks |
| 11:54 | essen · age_up feudal |
| 12:03 | popkovandrey2007 · age_up feudal |
| 12:19 | Mr.Colt · age_up feudal |
| 13:50 | Mr.Colt · first_market_sell 100 food |
| 14:26 | Der Wieland · age_up castle |
| 14:31 | Der Wieland · first_building Monastery |
| 14:35 | prsdntsdghtr · first_building Barracks |
| 14:43 | damian.miramontes · age_up castle |
| 14:52 | popkovandrey2007 · first_building Barracks |
| 15:00 | enginebolt · first_market_buy 100 food |
| 15:38 | popkovandrey2007 · first_building Stable |
| 15:41 | popkovandrey2007 · age_up castle |
| 15:52 | damian.miramontes · first_building Monastery |
| 16:06 | prsdntsdghtr · age_up castle |
| 16:13 | K.Engel · age_up castle |
| 16:29 | popkovandrey2007 · first_building Monastery |
| 16:40 | essen · age_up castle |
| 16:52 | enginebolt · first_building Archery Range |
| 16:59 | Mr.Colt · age_up castle |
| 17:03 | Mr.Colt · first_building Siege Workshop |
| 17:04 | prsdntsdghtr · first_building Castle |
| 17:40 | prsdntsdghtr · first_building Siege Workshop |
| 18:03 | K.Engel · first_building Barracks |
| 18:15 | enginebolt · age_up castle |
| 18:34 | essen · first_building Monastery |
| 18:49 | popkovandrey2007 · first_building Siege Workshop |
| 18:54 | enginebolt · first_building Castle |
| 19:39 | K.Engel · first_building Stable |
| 23:38 | popkovandrey2007 · first_market_buy 100 stone |
| 24:00 | prsdntsdghtr · first_market_buy 100 food |
| 24:06 | enginebolt · first_building Stable |
| 24:43 | enginebolt · first_market_sell 100 wood |
| 26:14 | Mr.Colt · first_market_buy 100 stone |
| 26:46 | Der Wieland · first_building Castle |
| 27:17 | essen · first_building Barracks |
| 27:56 | damian.miramontes · first_building Stable |
| 28:23 | essen · first_building Stable |
| 29:11 | damian.miramontes · first_building Castle |
| 29:20 | K.Engel · first_building Castle |
| 29:44 | Der Wieland · age_up imperial |
| 30:17 | essen · first_building Castle |
| 30:36 | damian.miramontes · age_up imperial |
| 31:59 | essen · age_up imperial |
| 32:23 | popkovandrey2007 · wall_segment Stone Wall x4 |
| 33:20 | K.Engel · age_up imperial |
| 33:52 | popkovandrey2007 · age_up imperial |
| 36:52 | prsdntsdghtr · first_market_sell 100 wood |
| 37:51 | Mr.Colt · age_up imperial |
| 39:23 | K.Engel · first_building Archery Range |
| 40:22 | enginebolt · age_up imperial |
| 40:28 | prsdntsdghtr · age_up imperial |
| 40:56 | popkovandrey2007 · wall_segment Stone Wall x5 |
| 42:56 | K.Engel · first_market_sell 500 food |
| 44:53 | K.Engel · first_building Siege Workshop |
| 47:14 | Mr.Colt · first_building Stable |
| 48:52 | prsdntsdghtr · first_building Monastery |
| 51:05 | enginebolt · first_building Siege Workshop |
| 51:19 | Mr.Colt · tribute_sent a jugador 1 |
| 51:19 | Mr.Colt · tribute_sent a jugador 2 |
| 51:19 | Mr.Colt · tribute_sent a jugador 3 |
| 51:19 | Mr.Colt · tribute_sent a jugador 4 |
| 51:19 | Mr.Colt · tribute_sent a jugador 5 |
| 51:19 | Mr.Colt · tribute_sent a jugador 7 |
| 51:19 | Mr.Colt · tribute_sent a jugador 8 |
| 54:34 | enginebolt · first_building Monastery |
| 55:04 | essen · wall_segment Stone Wall x20 |
| 56:08 | popkovandrey2007 · first_market_sell 100 food |
| 61:23 | essen · first_market_sell 500 food |
| 62:43 | Mr.Colt · first_building Castle |
| 65:06 | popkovandrey2007 · first_building Castle |
| 71:23 | K.Engel · wall_segment Stone Wall x27 |
| 71:35 | K.Engel · first_market_buy 100 stone |
| 71:46 | K.Engel · wall_segment Stone Wall x5 |
| 71:46 | prsdntsdghtr · first_building Stable |
| 72:42 | damian.miramontes · first_building Archery Range |
| 82:25 | Mr.Colt · tribute_sent a jugador 1 |
| 82:25 | Mr.Colt · tribute_sent a jugador 2 |
| 82:25 | Mr.Colt · tribute_sent a jugador 3 |
| 82:25 | Mr.Colt · tribute_sent a jugador 4 |
| 82:25 | Mr.Colt · tribute_sent a jugador 5 |
| 82:25 | Mr.Colt · tribute_sent a jugador 7 |
| 82:25 | Mr.Colt · tribute_sent a jugador 8 |
| 85:56 | damian.miramontes · resign |
[ AI ANALYSIS · 1 CREDIT ]
What really happened in this match?
Wolo.gg analyzes every decision: build order, eco, micro, common mistakes by bracket. Personalized analysis on WhatsApp or Discord in 30 seconds.
Civ guide
Slavs
Perfil
Jugador #390975